 Dungeon Crawl Stone Soup version 0.18-a0-1121-gb454403 (webtiles) character file.

127 Geeful the Magician (level 5, -8/31 HPs)
             Began as an Octopode Wizard on Jan 18, 2016.
             Mangled by an ogre
             ... wielding a +0 giant club
              (23 damage)
             ... on level 4 of the Dungeon.
             The game lasted 00:09:54 (3059 turns).

Geeful the Magician (Octopode Wizard)               Turns: 3059, Time: 00:09:54

Health: -8/31      AC:  3    Str:  7    XL:     5   Next: 11%
Magic:  10/12      EV:  7    Int: 21    God:
Gold:   124        SH:  0    Dex: 10    Spells: 3 memorised, 6 levels left

rFire  . . .     SeeInvis .     n - +0 war axe
rCold  . . .     Gourm    .     (no shield)
rNeg   . . .     Faith    .     a - +2 hat
rPois  .         Spirit   .     (no amulet)
rElec  .         Dismiss  .     i - ring of sustain attributes
rCorr  .         Reflect  .     (no ring)
SustAt +         Harm     .     (no ring)
MR     .....                    (no ring)
Stlth  +++.......               (no ring)
                                (no ring)
                                (no ring)
                                (no ring)

@: repel missiles, not resistant to hostile enchantments, fairly stealthy
A: almost no armour, amphibious, 8 rings, constrict 8, camouflage 1, gelatinous
body 1
a: no special abilities


You were on level 4 of the Dungeon.
You were hungry.

You visited 1 branch of the dungeon, and saw 4 of its levels.

You collected 124 gold pieces.

Inventory:

Hand Weapons
 n - a +0 war axe (weapon)
 o - a +0 dagger of venom
Missiles
 k - a throwing net (quivered)
Armour
 a - a +2 hat (worn)
Jewellery
 i - a ring of sustain attributes (left tentacle)
Wands
 e - a wand of slowing (30/48)
Scrolls
 d - a scroll of teleportation
 f - a scroll of immolation
 g - 4 scrolls of recharging
 l - a scroll of identify
 p - a scroll of amnesia
Potions
 h - a potion of agility
 m - a potion of mutation {unknown}
Books
 b - a book of Minor Magic

   Spells                             Type                      Level
   a - Magic Dart                     Conjuration                  1
   b - Blink                          Translocation                2
   c - Call Imp                       Summoning                    2
   d - Repel Missiles                 Charms/Air                   2
   e - Slow                           Hexes                        2
   f - Conjure Flame                  Conjuration/Fire             3
   g - Mephitic Cloud                 Conjuration/Poison/Air       3
Comestibles
 c - 4 bread rations
 j - a beef jerky


   Skills:
 - Level 2.0 Dodging
 - Level 2.6 Stealth
 * Level 4.7 Spellcasting
 + Level 2.6 Conjurations
 - Level 1.0 Summonings
   Level 1.0 Translocations


You had 6 spell levels left.
You knew the following spells:

 Your Spells              Type           Power        Failure   Level  Hunger
b - Call Imp              Summ           #.......     12%         2    #......
c - Repel Missiles        Chrm/Air       #.....       17%         2    #......
d - Mephitic Cloud        Conj/Pois/Air  #.......     24%         3    ##.....


Dungeon Overview and Level Annotations

Branches:
Dungeon (4/15)
 Temple: D:4-7

Altars:
Dithmenos
Pakellas
Trog

Annotations:
D:4 Menkaure


Innate Abilities, Weirdness & Mutations

You cannot wear most types of armour.
You are amphibious.
You can wear up to eight rings at the same time.
You can use your tentacles to constrict eight enemies at once.
Your skin changes colour to match your surroundings (Stealth).
Your rubbery body absorbs attacks (AC +1).


Message History

Press: ? - help, Shift-Dir - straight line The ball explodes into a vile cloud!
The stinking cloud engulfs the ogre.
The ogre shouts!
You hear a shout!
The ogre is engulfed in noxious fumes.
The ogre appears confused.
Found a stone staircase leading down.
Found a meat ration.
Menkaure, Prince of Dust comes into view.
An ogre comes into view. It is wielding a giant spiked club.
The ogre moves out of view.
Found 8 gold pieces.
You completely miss the ogre.
The ogre is lightly wounded.
The ogre seems less confused.
The ogre hits you with a giant club!
Ouch! That really hurt!
Menkaure shouts!
The ogre barely misses you.
There is a stone staircase leading down here.
The ogre hits you with a giant club!!
Ouch! That really hurt!
You die...

..###.........#
...##.........# .#
...##.......?.#######.##
...##..............^....
..............# ......O
...##.........# .......
...##........M###.......
...##...........#.......
................@#
##.#.########..O.# #...
#....# #... #....# #..
#....# #%...# #....#
####.# $#


You could see 2 ogres and Menkaure.

Vanquished Creatures
  A giant frog skeleton (D:4)
  Robin (D:4)
  An adder (D:2)
  An ooze (D:1)
  3 giant geckos
  4 orcs
  3 bats
  A giant cockroach (D:2)
  11 goblins
  3 hobgoblins (D:4)
  2 jackals (D:1)
  2 quokkas
  3 giant newts
  3 kobolds
  11 rats
50 creatures vanquished.

Vanquished Creatures (collateral kills)
  3 adders (D:2)
  A worm (D:2)
  A kobold (D:2)
5 creatures vanquished.

Grand Total: 55 creatures vanquished

Notes
Turn   | Place    | Note
--------------------------------------------------------------
     0 | D:1      | Geeful the Octopode Wizard began the quest for the Orb.
     0 | D:1      | Reached XP level 1. HP: 11/11 MP: 4/4
   507 | D:1      | Reached XP level 2. HP: 17/17 MP: 0/6
   566 | D:1      | Learned a level 2 spell: Call Imp
   569 | D:1      | Learned a level 2 spell: Repel Missiles
  1011 | D:2      | Found an oddly glowing altar of Pakellas.
  1286 | D:2      | Found a shadowy altar of Dithmenos.
  1421 | D:2      | Reached XP level 3. HP: 21/21 MP: 5/8
  1509 | D:2      | Reached skill level 4 in Spellcasting
  1904 | D:2      | Learned a level 3 spell: Mephitic Cloud
  2025 | D:3      | Found a bloodstained altar of Trog.
  2034 | D:3      | Found an oddly glowing altar of Pakellas.
  2060 | D:3      | Reached XP level 4. HP: 27/27 MP: 10/10
  2428 | D:4      | Noticed Robin
  2483 | D:4      | Killed Robin
  2854 | D:4      | Reached XP level 5. HP: 12/31 MP: 12/12
  3043 | D:4      | Noticed an ogre
  3054 | D:4      | Noticed Menkaure
  3054 | D:4      | Noticed an ogre
  3059 | D:4      | Mangled by an ogre

Vault maps used:
D:1:      dpeg_arrival_arbitrary_c, serial_bayou_pond_d
D:2:      old_standard_altar, first_bread, grunt_pakellas_salt
D:3:      amethyst_overflow_temple_binary
D:4:      kennysheep_little_box, gammafunk_temple_overflow_elements,
          temple_doors_c, nrook_mini_vaults, kennysheep_generic_room_9,
          uniq_grinder, uniq_pikel, uniq_robin, uniq_menkaure

Action                   |  1- 3 |  4- 6 || total
-------------------------+-------+-------++-------
Melee: Short sword       |    54 |    16 ||    70
       War axe           |       |    38 ||    38
 Cast: Magic Dart        |     7 |       ||     7
       Call Imp          |     7 |       ||     7
       Repel Missiles    |     1 |       ||     1
       Mephitic Cloud    |       |     1 ||     1
  Use: Scroll            |     6 |     5 ||    11
 Stab: Sleeping          |     7 |     6 ||    13
       Distracted        |     1 |       ||     1
  Eat: Chunk             |     4 |     2 ||     6
